[Event "Titled Tuesday Blitz June 13 Late 2023"]
[White "Schnaider, Ilan"]
[Black "Magallanes, Rey Jomar"]
[WhiteFideId "169013"]
[BlackFideId "5205948"]
[WhiteElo "2224"]
[BlackElo "2276"]
[Result "1-0"]
[Round "1"]
[TimeControl "180+2"]
[Date "2023.06.13"]
[WhiteClock "0:00:05"]
[BlackClock "0:00:06"]
[Board "158"]

1. e4 c5 2. Nf3 d6 3. Bb5+ Bd7 4. Bxd7+ Qxd7 5. c4 Nc6 6. Nc3 g6 7. d4 cxd4 8. Nxd4 Bg7 9. Be3 Nf6 10. f3 O-O 11. O-O Rfd8 12. Qd3 Ne5 13. Qe2 Rac8 14. b3 a6 15. Rac1 e6 16. Rfd1 Qe7 17. Bf4 Nh5 18. Be3 Bf6 19. g4 Ng7 20. g5 Bxg5 21. f4 Bxf4 22. Bxf4 Nh5 23. Be3 Qh4 24. Qf2 Qg4+ 25. Qg2 Kg7 26. h3 Qxg2+ 27. Kxg2 Re8 28. Nf3 Nxf3 29. Kxf3 Rcd8 30. Na4 Rd7 31. Nc5 Rde7 32. Rxd6 e5 33. Rcd1 f5 34. Rd7 f4 35. Bf2 g5 36. Nxb7 Nf6 37. Rxe7+ Rxe7 38. Nd6 Kg6 39. Nf5 Rf7 40. Rd6 h5 41. Ke2 Kh7 42. Kd3 g4 43. hxg4 hxg4 44. Bh4 g3 45. Re6 Ng4 46. Ke2 g2 47. Bf2 Rd7 48. Nh4 Nxf2 49. Kxf2 Rd2+ 50. Kg1 Rd1+ 51. Kxg2 Rd2+ 52. Kh3 Rd3+ 53. Kg4 Rg3+ 54. Kf5 f3 55. Kxe5 f2 56. Rf6 Rg5+ 57. Kd4 Rg4 58. Rxf2 Rxh4 59. Rf6 Rh1 60. Rxa6 Rd1+ 61. Ke5 Re1 62. c5 Rc1 63. c6 Rc2 64. b4 Rb2 65. c7 Rc2 66. Ra7 Kg6 67. b5 Rc5+ 68. Kd4 Rxb5 69. c8=Q Rb4+ 70. Kc3 Rxe4 71. Qc6+ Kf5 72. Rf7+ Kg5 73. Qxe4 Kh6 74. Rh7+ Kg5 75. Rh1 Kf6 76. Rh6+ Kg5 77. Rg6+ Kh5 78. Qg4# 1-0


[Site "https://www.chess.com"]

[Event "Titled Tuesday Blitz June 13 Late 2023"]
[White "Vila Dupla, Aurelio"]
[Black "Altman, Joshua"]
[WhiteFideId "2203383"]
[BlackFideId "426210"]
[WhiteElo "2009"]
[BlackElo "2028"]
[Result "0-1"]
[Round "1"]
[TimeControl "180+2"]
[Date "2023.06.13"]
[WhiteClock "0:00:20"]
[BlackClock "0:02:13"]
[Board "159"]

1. Nf3 e6 2. d4 Nf6 3. g3 b6 4. Bg2 Bb7 5. O-O Be7 6. b3 O-O 7. Bb2 c5 8. c4 cxd4 9. Nxd4 Bxg2 10. Kxg2 Qc8 11. Qd3 Nc6 12. Qf3 Ne5 13. Qf4 Qb7+ 14. f3 Ng6 15. Qd2 Rfd8 16. e4 d5 17. exd5 exd5 18. Na3 Bxa3 19. Bxa3 dxc4 20. bxc4 Qa6 21. Bb2 Qxc4 22. Rfc1 Qd5 23. h3 h5 24. h4 Ne5 25. Qf4 Nd3 26. Qe3 Nxb2 0-1


[Site "https://www.chess.com"]

[Event "Titled Tuesday Blitz June 13 Late 2023"]
[White "Mendez Fortes, Eduardo Jesus"]
[Black "Liu, Kelsey"]
[WhiteFideId "3502376"]
[BlackFideId "30944481"]
[WhiteElo "2307"]
[BlackElo "2270"]
[Result "1-0"]
[Round "1"]
[TimeControl "180+2"]
[Date "2023.06.13"]
[WhiteClock "0:01:15"]
[BlackClock "0:00:06"]
[Board "160"]

1. e4 c5 2. Nf3 e6 3. d4 cxd4 4. Nxd4 Nc6 5. Nc3 Nf6 6. Ndb5 d6 7. Bf4 e5 8. Bg5 a6 9. Na3 b5 10. Nd5 Be7 11. Bxf6 Bxf6 12. c4 b4 13. Nc2 O-O 14. Qf3 Bg5 15. h4 Bh6 16. g4 f6 17. Rg1 a5 18. Qg3 g6 19. g5 fxg5 20. hxg5 Bg7 21. O-O-O Nd4 22. Nxd4 exd4 23. f4 Ba6 24. Kb1 Rc8 25. b3 a4 26. Bd3 axb3 27. axb3 Qa5 28. Rd2 Qa3 29. Rb2 Bb7 30. Ne7+ Kh8 31. Nxc8 Rxc8 32. Rh1 Ra8 33. Qh3 h5 34. Kc2 Bc8 35. f5 Kg8 36. Qf3 Bb7 37. f6 Rf8 38. Qg3 Bxf6 39. gxf6 Rxf6 40. Rxh5 Qa1 41. Rg5 Kg7 42. e5 dxe5 43. Rxg6+ Rxg6 44. Qxg6+ Kf8 45. Qf6+ Kg8 46. Qd8+ 1-0


[Site "https://www.chess.com"]

[Event "Titled Tuesday Blitz June 13 Late 2023"]
[White "Vaglio Munoz, Jaime"]
[Black "Koellner, Ruben Gideon"]
[WhiteFideId "6500145"]
[BlackFideId "12993093"]
[WhiteElo "2199"]
[BlackElo "2314"]
[Result "1-0"]
[Round "1"]
[TimeControl "180+2"]
[Date "2023.06.13"]
[WhiteClock "0:01:52"]
[BlackClock "0:01:29"]
[Board "161"]

1. Nf3 d6 2. d4 Nf6 3. g3 g6 4. Bg2 Bg7 5. O-O O-O 6. a4 Nbd7 7. a5 c6 8. c4 Re8 9. Nc3 e5 10. dxe5 Nxe5 11. Nxe5 dxe5 12. a6 Qc7 13. axb7 Bxb7 14. Qa4 a5 15. Be3 Nd7 16. Rfd1 Bf8 17. Ne4 Be7 18. c5 Nf6 19. Nd6 Bxd6 20. cxd6 Qd7 21. Qh4 Nd5 22. Bg5 Re6 23. e4 Nb4 24. Bh3 Nc2 25. Bxe6 Qxe6 26. d7 Nd4 27. Rxd4 exd4 28. d8=Q+ Rxd8 29. Bxd8 c5 30. Qe7 Qb3 31. Qe8+ Kg7 32. Qe5+ Kf8 33. Bf6 Qe6 34. Qxe6 fxe6 35. Rxa5 Kf7 36. Ra7 Kxf6 37. Rxb7 Ke5 38. f3 c4 39. Kf2 Kd6 40. Rb5 Kc6 41. Re5 Kd6 42. f4 h6 43. h4 c3 44. bxc3 dxc3 45. Ke3 c2 46. Kd2 Ke7 47. Kxc2 Kf6 48. Kd3 g5 49. hxg5+ hxg5 50. Rxg5 Ke7 51. Re5 Kd6 52. Kd4 Kd7 53. g4 Ke7 54. f5 Kf6 55. Rxe6+ Kg5 56. Rg6+ Kf4 57. Kd5 Kg3 58. Ke6 Kh4 59. e5 Kg3 60. f6 Kf4 61. f7 Kg3 62. f8=Q Kh4 63. Qh6+ Kg3 64. Qe3+ Kh4 65. Rh6+ Kxg4 66. Rg6+ Kh5 67. Qg5# 1-0


[Site "https://www.chess.com"]

[Event "Titled Tuesday Blitz June 13 Late 2023"]
[White "Tarlabasi, Emirhan"]
[Black "Wang, Alexander J"]
[WhiteFideId "6350275"]
[BlackFideId "30955270"]
[WhiteElo "2200"]
[BlackElo "2258"]
[Result "1-0"]
[Round "1"]
[TimeControl "180+2"]
[Date "2023.06.13"]
[WhiteClock "0:00:19"]
[BlackClock "0:00:17"]
[Board "162"]

1. Nf3 d5 2. c4 e6 3. b3 c5 4. cxd5 exd5 5. Bb2 Nc6 6. g3 Nf6 7. Bg2 Be7 8. d4 O-O 9. O-O Be6 10. Nc3 b6 11. Rc1 Rc8 12. Re1 Ne4 13. e3 f5 14. Qd3 Nb4 15. Qb1 Bd6 16. Red1 a6 17. a3 Nc6 18. Qa1 Nxc3 19. Bxc3 Qe7 20. h4 b5 21. dxc5 Bxc5 22. Ng5 g6 23. Nxe6 Bd6 24. Bxd5 Rf7 25. Ng5 1-0


[Site "https://www.chess.com"]

[Event "Titled Tuesday Blitz June 13 Late 2023"]
[White "SicilianPanzer"]
[Black "Grinev, Valeriy"]
[BlackFideId "14117517"]
[WhiteElo "2240"]
[BlackElo "2366"]
[Result "0-1"]
[Round "1"]
[TimeControl "180+2"]
[Date "2023.06.13"]
[WhiteClock "0:00:00"]
[BlackClock "0:01:07"]
[Board "163"]

1. e4 c5 2. Nf3 e6 3. d4 cxd4 4. Nxd4 a6 5. a4 Nf6 6. Nc3 Bb4 7. Bd3 d5 8. exd5 Nxd5 9. Bd2 Nxc3 10. bxc3 Be7 11. O-O O-O 12. Re1 Bd7 13. a5 Nc6 14. Be3 g6 15. Nxc6 Bxc6 16. Bb6 Qd5 17. Be4 Qxd1 18. Raxd1 Bxe4 19. Rxe4 Bf6 20. Rd7 Rac8 21. c4 Rc6 22. Rxb7 Rfc8 23. Rf4 Kg7 24. c5 g5 25. Rf3 g4 26. Rd3 h5 27. Rdd7 Rf8 28. f3 gxf3 29. gxf3 Bg5 30. Kf2 Bf4 31. h3 Kg6 32. Ra7 Bd2 33. Rxa6 Bb4 34. Raa7 Bxc5+ 35. Bxc5 Rxc5 36. Rd2 Rfc8 37. a6 Rxc2 38. Ke2 Rxd2+ 39. Kxd2 Rc5 40. Ke3 Ra5 41. Ra8 Ra4 42. Kf2 h4 43. a7 Kg7 44. Kg2 Ra2+ 45. Kf1 Kf6 46. Kg1 Kf5 47. Rh8 Rxa7 48. Rxh4 Ra2 49. Rg4 e5 50. h4 f6 51. h5 Ra7 52. Kg2 Rh7 53. Rh4 Kg5 54. Rg4+ Kxh5 55. Kg3 Ra7 56. Rb4 Ra3 57. Rb5 Kg5 58. Rb4 f5 59. Kf2 Ra2+ 60. Kg3 f4+ 61. Kh3 Rf2 62. Rb3 Re2 63. Rb4 Kf5 0-1


[Site "https://www.chess.com"]

[Event "Titled Tuesday Blitz June 13 Late 2023"]
[White "Makaraci, Tunahan"]
[Black "Martinez, Ayelen"]
[WhiteFideId "6356559"]
[BlackFideId "118702"]
[WhiteElo "2160"]
[BlackElo "2074"]
[Result "1-0"]
[Round "1"]
[TimeControl "180+2"]
[Date "2023.06.13"]
[WhiteClock "0:01:22"]
[BlackClock "0:00:45"]
[Board "164"]

1. e4 c5 2. Nf3 d6 3. d4 cxd4 4. Nxd4 Nf6 5. Nc3 a6 6. Bc4 e6 7. Bb3 Be7 8. g4 Nc6 9. g5 Nd7 10. Bxe6 Nxd4 11. Bxd7+ Qxd7 12. Qxd4 O-O 13. Be3 Re8 14. O-O-O b5 15. Nd5 Bd8 16. f3 Bb7 17. Rhg1 Bxd5 18. Qxd5 Rc8 19. Qxd6 Qh3 20. Qd7 Qxd7 21. Rxd7 Ba5 22. Rgd1 Rc6 23. R1d6 Rec8 24. Rxc6 Rxc6 25. Bf4 h6 26. gxh6 gxh6 27. Rd6 Rxd6 28. Bxd6 Kg7 29. f4 Kf6 30. c3 Ke6 31. Bb8 Bb6 32. Kd2 Bg1 33. h3 h5 34. Kd3 f6 35. f5+ Kd7 36. c4 bxc4+ 37. Kxc4 Be3 38. Bg3 Bc1 39. b3 Bb2 40. Kd5 Ke7 41. e5 fxe5 42. Bxe5 Bc1 43. Kc6 a5 44. Bc3 a4 45. bxa4 1-0


[Site "https://www.chess.com"]

[Event "Titled Tuesday Blitz June 13 Late 2023"]
[White "Rodriguez Polo, Mateo"]
[Black "Perez, Maximiliano"]
[WhiteFideId "24509396"]
[BlackFideId "117234"]
[WhiteElo "2117"]
[BlackElo "2334"]
[Result "1/2-1/2"]
[Round "1"]
[TimeControl "180+2"]
[Date "2023.06.13"]
[WhiteClock "0:00:11"]
[BlackClock "0:00:20"]
[Board "165"]

1. Nf3 Nf6 2. c4 e6 3. g3 d5 4. Bg2 Be7 5. O-O O-O 6. b3 b6 7. Bb2 Bb7 8. e3 c5 9. Nc3 dxc4 10. bxc4 Nc6 11. Qe2 a6 12. Rfd1 Rb8 13. d4 cxd4 14. exd4 Na5 15. d5 exd5 16. cxd5 Bd6 17. Nd4 Re8 18. Qd3 Qc7 19. Rac1 Nc4 20. Ba1 b5 21. Ndxb5 axb5 22. Nxb5 Qb6 23. Qxc4 Ba6 24. a4 Bxb5 25. axb5 Qxb5 26. Qxb5 Rxb5 27. Rc6 Rd8 28. h4 h6 29. f4 Ng4 30. Rdc1 g6 31. Rc8 Rb8 32. Rxb8 Rxb8 33. Bh3 Ne3 34. Rc8+ Rxc8 35. Bxc8 Nxd5 36. Bh3 f5 37. Bf1 Kf8 38. Kf2 Bc5+ 39. Kf3 Ke7 40. Bg7 h5 41. Be5 Nb6 42. Bb5 Bg1 43. Bc7 Nd5 44. Be5 Bc5 45. Bc4 Nb6 46. Bb3 Nd7 47. Bc3 Bd6 48. Bd2 Nc5 49. Bc2 Ne6 50. Be3 Bc5 51. Bb3 Bxe3 52. Bxe6 Kxe6 53. Kxe3 Kd5 54. Kd3 Kc5 55. Kc3 Kd5 56. Kd3 Kc5 57. Kc3 Kd5 58. Kd3 1/2-1/2


[Site "https://www.chess.com"]

[Event "Titled Tuesday Blitz June 13 Late 2023"]
[White "Feng, Eric"]
[Black "Klinova, Masha"]
[WhiteFideId "30952590"]
[BlackFideId "2802015"]
[WhiteElo "1785"]
[BlackElo "2241"]
[Result "0-1"]
[Round "1"]
[TimeControl "180+2"]
[Date "2023.06.13"]
[WhiteClock "0:00:06"]
[BlackClock "0:01:03"]
[Board "166"]

1. d4 d6 2. Nf3 g6 3. g3 Bg7 4. Bg2 Nf6 5. O-O O-O 6. c4 Nc6 7. Nc3 Bf5 8. d5 Na5 9. Nd2 c5 10. e4 Bd7 11. Qe2 a6 12. a4 Re8 13. f4 e6 14. Qd3 exd5 15. cxd5 b5 16. axb5 axb5 17. e5 dxe5 18. fxe5 Ng4 19. e6 Bxe6 20. Qxb5 Bd4+ 21. Kh1 Bd7 22. Qd3 Re1 23. Nde4 Rxf1+ 24. Qxf1 Nb3 25. Rxa8 Qxa8 26. h3 Nxc1 27. Qxc1 Ne3 28. Qe1 Bf5 29. d6 Nxg2 30. Kxg2 Bxc3 31. Qxc3 Qxe4+ 32. Kh2 Qe2+ 33. Kg1 Be4 0-1


[Site "https://www.chess.com"]

[Event "Titled Tuesday Blitz June 13 Late 2023"]
[White "Quirke, Jeffrey"]
[Black "WindWhistler11"]
[WhiteFideId "2013029"]
[WhiteElo "2222"]
[BlackElo "2579"]
[Result "0-1"]
[Round "1"]
[TimeControl "180+2"]
[Date "2023.06.13"]
[WhiteClock "0:00:05"]
[BlackClock "0:01:13"]
[Board "167"]

1. e4 e6 2. d4 d5 3. e5 c5 4. c3 Nc6 5. Nf3 Bd7 6. Bd3 Nge7 7. O-O Nf5 8. a3 cxd4 9. Bxf5 exf5 10. cxd4 Be6 11. Nc3 Be7 12. b4 O-O 13. Bb2 Kh8 14. Rc1 g5 15. Ne1 f4 16. Na4 Rc8 17. Nd3 b6 18. Qh5 Bf5 19. Ne1 Qd7 20. h3 Rg8 21. Qd1 g4 22. hxg4 Rxg4 23. f3 Rg6 24. Rf2 Rcg8 25. Nc3 Bh4 26. Ne2 Qe7 27. Rf1 Bg3 28. Qd2 Qh4 0-1


[Site "https://www.chess.com"]

[Event "Titled Tuesday Blitz June 13 Late 2023"]
[White "Krishnan, Varun"]
[Black "Chemin, Justo Reinaldo"]
[WhiteFideId "5054508"]
[BlackFideId "2101580"]
[WhiteElo "2577"]
[BlackElo "1940"]
[Result "1-0"]
[Round "1"]
[TimeControl "180+2"]
[Date "2023.06.13"]
[WhiteClock "0:01:06"]
[BlackClock "0:00:09"]
[Board "168"]

1. d4 d5 2. c4 dxc4 3. Nf3 e6 4. e4 c5 5. d5 a6 6. a4 Nf6 7. Nc3 exd5 8. exd5 Bd6 9. Bxc4 O-O 10. O-O Bg4 11. Bg5 Nbd7 12. h3 Bh5 13. Be2 Bg6 14. Nh4 Qc7 15. Nxg6 hxg6 16. Qc2 Bh2+ 17. Kh1 Be5 18. Bf3 Qd6 19. Rad1 Rfe8 20. Rfe1 Bf4 21. Bxf4 Qxf4 22. d6 Rab8 23. Re7 Rxe7 24. dxe7 Qe5 25. Qe2 Qxe2 26. Nxe2 b5 27. Bc6 Re8 28. axb5 axb5 29. Bxd7 Rxe7 30. Bxb5 Ne4 31. Kg1 g5 32. Nc3 Nf6 33. Rd8+ Kh7 34. Bd3+ g6 35. Nd5 Nxd5 36. Rxd5 Re1+ 37. Kh2 Rc1 38. b3 Kg7 39. Bc4 Rc2 40. Rxc5 Rxf2 41. Rc7 Rf6 42. Rxf7+ Rxf7 43. Bxf7 Kxf7 44. Kg3 Kf6 45. Kg4 1-0


[Site "https://www.chess.com"]

[Event "Titled Tuesday Blitz June 13 Late 2023"]
[White "rionelG"]
[Black "Omranalhosani21"]
[WhiteElo "2220"]
[BlackElo "2575"]
[Result "0-1"]
[Round "1"]
[TimeControl "180+2"]
[Date "2023.06.13"]
[WhiteClock "0:00:00"]
[BlackClock "0:00:24"]
[Board "169"]

1. e4 c5 2. g3 h5 3. h3 h4 4. g4 e5 5. Bg2 Nc6 6. Ne2 Nge7 7. c3 d6 8. d4 Ng6 9. Be3 cxd4 10. cxd4 Be7 11. Qd2 O-O 12. Nbc3 Bd7 13. O-O Rc8 14. Nd5 Be6 15. Rad1 Bxd5 16. exd5 Nxd4 17. Nxd4 exd4 18. Bxd4 Bf6 19. f4 Bxd4+ 20. Qxd4 Rc2 21. Rf2 Qc7 22. Qxa7 Re8 23. f5 Ne5 24. f6 gxf6 25. Qd4 Rxf2 26. Qxf2 Kg7 27. Rf1 Qe7 28. Qxh4 Ng6 29. Qf2 Qe5 30. b3 b5 31. h4 Qe3 32. h5 Qxf2+ 33. Rxf2 Ne5 34. Rf4 Ra8 35. a4 bxa4 36. Rxa4 Rb8 37. b4 Nxg4 38. Bf1 f5 39. b5 Ne3 40. Be2 Nxd5 41. Rd4 Nc3 42. Bd3 d5 43. Bxf5 Rxb5 44. Rd3 d4 0-1


[Site "https://www.chess.com"]

[Event "Titled Tuesday Blitz June 13 Late 2023"]
[White "Fantinel, Thibault"]
[Black "Ferriz Barrios, Andres"]
[WhiteFideId "663395"]
[BlackFideId "5104467"]
[WhiteElo "2316"]
[BlackElo "2219"]
[Result "1-0"]
[Round "1"]
[TimeControl "180+2"]
[Date "2023.06.13"]
[WhiteClock "0:00:49"]
[BlackClock "0:01:22"]
[Board "170"]

1. c4 e6 2. g3 f5 3. Bg2 Nf6 4. Nc3 c6 5. d3 d5 6. e4 dxe4 7. dxe4 Qxd1+ 8. Kxd1 fxe4 9. Nxe4 Nbd7 10. b3 Nc5 11. Nxc5 Bxc5 12. Ke2 Rf8 13. Nf3 Ne4 14. Be3 Bb4 15. Ne5 Nd6 16. Rad1 Nf7 17. Nxc6 bxc6 18. Bxc6+ Ke7 19. Bxa8 Bd7 20. Be4 a5 21. f4 g6 22. Rd3 Nd6 23. Rhd1 Rd8 24. Bf3 a4 25. c5 Nb5 26. c6 Bxc6 27. Bxc6 Nc3+ 28. Rxc3 Rxd1 29. Kxd1 Bxc3 30. Bxa4 Kd6 31. Ke2 1-0


[Site "https://www.chess.com"]

[Event "Titled Tuesday Blitz June 13 Late 2023"]
[White "Cluke86"]
[Black "Mortazavi, Ali"]
[BlackFideId "401323"]
[WhiteElo "2216"]
[BlackElo "2339"]
[Result "0-1"]
[Round "1"]
[TimeControl "180+2"]
[Date "2023.06.13"]
[WhiteClock "0:00:04"]
[BlackClock "0:00:26"]
[Board "171"]

1. e4 c6 2. d4 d5 3. exd5 cxd5 4. Bd3 Nc6 5. c3 Qc7 6. Nf3 Bg4 7. Nbd2 e6 8. h3 Bh5 9. Nf1 Bd6 10. Be3 Nge7 11. g4 Bg6 12. h4 h5 13. Bxg6 Nxg6 14. g5 Nce7 15. Qa4+ Qd7 16. Qxd7+ Kxd7 17. Ng3 Rac8 18. Kd2 b5 19. a4 b4 20. a5 Rc6 21. Ra4 bxc3+ 22. bxc3 Rb8 23. Rc1 Bxg3 24. fxg3 Nf5 25. Bf2 Nd6 26. Be1 Rb2+ 27. Rc2 Ne4+ 28. Kc1 Rxc2+ 29. Kxc2 f6 30. Kd3 Nd6 31. Nd2 fxg5 32. hxg5 Ne7 33. c4 dxc4+ 34. Nxc4 Nxc4 35. Rxc4 a6 36. Bd2 Rxc4 37. Kxc4 Kc6 38. Bf4 g6 39. Be5 Nf5 40. Bf4 Ne7 41. Be5 Nd5 42. Bb8 Ne3+ 43. Kd3 Nf5 44. Kc4 h4 45. gxh4 Nxh4 46. Bf4 Nf3 47. Be3 Ne1 48. Bd2 Nf3 49. Be3 Nh4 50. Bd2 Nf5 51. Bf4 Ne7 52. Be5 Nd5 53. Bg3 Ne3+ 54. Kd3 Nf1 55. Kc4 Nxg3 0-1


[Site "https://www.chess.com"]

[Event "Titled Tuesday Blitz June 13 Late 2023"]
[White "Piesik, Piotr"]
[Black "Novikova, Margarita"]
[WhiteFideId "1136194"]
[BlackFideId "14109689"]
[WhiteElo "2303"]
[BlackElo "2013"]
[Result "1-0"]
[Round "1"]
[TimeControl "180+2"]
[Date "2023.06.13"]
[WhiteClock "0:01:47"]
[BlackClock "0:00:42"]
[Board "172"]

1. Nf3 Nf6 2. g3 g6 3. Bg2 Bg7 4. O-O O-O 5. d4 d6 6. Nbd2 c6 7. e4 Qc7 8. Qe2 Nbd7 9. e5 Nd5 10. e6 N7f6 11. exf7+ Rxf7 12. Ng5 Rf8 13. Ne6 Bxe6 14. Qxe6+ Kh8 15. Nf3 Qd7 16. Ng5 h6 17. Qxd7 Nxd7 18. Ne6 Rf7 19. c3 Nf8 20. Bxd5 cxd5 21. Nc7 Rc8 22. Nxd5 e6 23. Nb4 a5 24. Nd3 b5 25. Bf4 Rc6 26. Rac1 Nd7 27. Rfe1 d5 28. Be5 Bxe5 29. Nxe5 Nxe5 30. Rxe5 b4 31. Rce1 bxc3 32. bxc3 Rxc3 33. Rxe6 Rc2 34. R1e2 Rc1+ 35. Kg2 Rd1 36. Rxg6 Kh7 37. Ra6 Rxd4 38. Rxa5 Rd2 39. Rxd2 1-0


[Site "https://www.chess.com"]

[Event "Titled Tuesday Blitz June 13 Late 2023"]
[White "campochess"]
[Black "TimGrutter03"]
[WhiteElo "2205"]
[BlackElo "2570"]
[Result "1-0"]
[Round "1"]
[TimeControl "180+2"]
[Date "2023.06.13"]
[WhiteClock "0:00:21"]
[BlackClock "0:00:00"]
[Board "173"]

1. d4 Nf6 2. Bg5 d6 3. Bxf6 exf6 4. e4 Be7 5. Nc3 O-O 6. Bc4 c6 7. Bb3 Be6 8. Nge2 Bxb3 9. axb3 Qd7 10. Ng3 d5 11. exd5 cxd5 12. O-O Nc6 13. Qh5 Rfd8 14. Rfd1 g6 15. Qf3 f5 16. Nge2 Bf6 17. Nf4 Nxd4 18. Qd3 Qc6 19. Ncxd5 Bg5 20. c4 Ne6 21. Nh3 Qc5 22. Qc3 Be7 23. Ra5 Qd6 24. Qc1 Rac8 25. Nf6+ Bxf6 26. Rxd6 Rxd6 27. g3 Rcd8 28. Kg2 Nd4 29. Qh6 Bg7 30. Qh4 Nxb3 31. Rxa7 Nd2 32. Rxb7 Bf6 33. Qf4 Rd4 34. Qc7 R8d7 35. Qc8+ Rd8 36. Qc6 Nxc4 37. Qxf6 1-0


[Site "https://www.chess.com"]

[Event "Titled Tuesday Blitz June 13 Late 2023"]
[White "Novik, Maxim"]
[Black "Fuentes Godoy, Lilia Ivonne"]
[WhiteFideId "4102924"]
[BlackFideId "5104130"]
[WhiteElo "2287"]
[BlackElo "2024"]
[Result "1-0"]
[Round "1"]
[TimeControl "180+2"]
[Date "2023.06.13"]
[WhiteClock "0:00:27"]
[BlackClock "0:00:00"]
[Board "174"]

1. d4 d5 2. f4 e6 3. Nf3 f5 4. e3 Nf6 5. c4 c6 6. Nc3 Bd6 7. Be2 O-O 8. O-O b6 9. Bd2 Bb7 10. Be1 Nbd7 11. Bh4 Qe8 12. Rc1 Ne4 13. Nxe4 fxe4 14. Ne5 Rc8 15. Bh5 g6 16. Bg4 Nf6 17. Bh3 Rc7 18. Qa4 a6 19. Qb3 b5 20. cxd5 exd5 21. a4 Bc8 22. Bxc8 Qxc8 23. Bxf6 Rxf6 24. Nxc6 Bf8 25. Qxd5+ Kg7 26. axb5 axb5 27. Na7 Qd7 28. Qxd7+ Rxd7 29. Nc6 b4 30. Ne5 Ra7 31. g4 b3 32. g5 Rb6 33. Rc8 Bb4 34. Rfc1 Bd2 35. R1c7+ Rxc7 36. Rxc7+ Kg8 37. Kf2 Ra6 38. Ke2 Bb4 39. Rb7 Bd6 40. Rxb3 Ra1 41. Nc4 1-0


[Site "https://www.chess.com"]

[Event "Titled Tuesday Blitz June 13 Late 2023"]
[White "Florianovitz, Derlei Alex"]
[Black "Vovk, Orest"]
[WhiteFideId "2114178"]
[BlackFideId "14113490"]
[WhiteElo "1953"]
[BlackElo "2215"]
[Result "0-1"]
[Round "1"]
[TimeControl "180+2"]
[Date "2023.06.13"]
[WhiteClock "0:02:12"]
[BlackClock "0:01:56"]
[Board "175"]

1. e4 g5 2. d4 h6 3. f4 g4 4. Qxg4 d5 5. Qh5 Nf6 6. Qd1 Nxe4 7. Nf3 Bg4 8. Bd3 e6 9. h3 Bxf3 10. Qxf3 Qh4+ 11. Kf1 Ng3+ 12. Kg1 Nxh1 13. Kxh1 Qe1+ 14. Qf1 Qxf1+ 15. Bxf1 Nc6 16. c3 O-O-O 17. Be3 h5 18. b4 Ne7 19. Nd2 Nf5 20. Bf2 Bh6 21. g3 Rdg8 22. Kh2 h4 23. g4 Bxf4+ 24. Kg2 Bxd2 0-1


[Site "https://www.chess.com"]

[Event "Titled Tuesday Blitz June 13 Late 2023"]
[White "Bayo Milagro, Alvaro"]
[Black "Bernado Lopez, Roger"]
[WhiteFideId "22275240"]
[BlackFideId "24585009"]
[WhiteElo "2270"]
[BlackElo "2097"]
[Result "1/2-1/2"]
[Round "1"]
[TimeControl "180+2"]
[Date "2023.06.13"]
[WhiteClock "0:00:09"]
[BlackClock "0:00:29"]
[Board "176"]

1. d4 d5 2. c4 e6 3. Nf3 Nf6 4. g3 Bb4+ 5. Bd2 Be7 6. Bg2 O-O 7. O-O c6 8. Qc2 Nbd7 9. Rd1 b6 10. b3 a5 11. Bf4 Nh5 12. Bc1 Bb7 13. Nc3 f5 14. e3 Nhf6 15. Bb2 Rc8 16. cxd5 cxd5 17. Qd3 Ne4 18. Rac1 Ndf6 19. Ne2 Ng4 20. Rf1 Rxc1 21. Bxc1 Qc8 22. Ne5 Nxe5 23. dxe5 Ba6 24. Qd1 Nc3 25. Nxc3 Bxf1 26. Nxd5 exd5 27. Bxd5+ Kh8 28. Qxf1 Rd8 29. Bc4 Qc5 30. Bb2 Rd2 31. Bc3 Rd8 32. a4 h6 33. Qb1 g6 34. e6+ Kh7 35. Bd4 Rxd4 36. exd4 Qxd4 37. Qe1 Kg7 38. Qe2 Qa1+ 39. Kg2 Qd4 40. f3 Kh7 41. h4 h5 42. Qd3 Qxd3 43. Bxd3 Kg7 44. Bb5 Kf6 45. Be8 Bc5 46. Bf7 Be7 47. Kh3 Bc5 48. g4 fxg4+ 49. fxg4 hxg4+ 50. Kxg4 Bd6 51. h5 gxh5+ 52. Kxh5 Be7 53. Kg4 Ke5 54. Bg8 Kd5 55. Kf5 Kc5 56. Kg6 Kd6 57. Kf7 Bd8 58. Ke8 Be7 59. Kf7 Bh4 60. Bh7 Be7 61. Bd3 Bh4 62. Bc4 Be7 63. Kg6 Bd8 64. Kf5 Be7 65. Ke4 Bd8 66. Kd3 Be7 67. Ke3 Bg5+ 68. Ke4 Be7 69. Kf4 Bd8 70. Kf5 Be7 71. Kg6 Bd8 72. Kf7 Bh4 73. Ke8 Bg5 74. Kf7 Bh4 75. Kg6 Bd8 1/2-1/2


[Site "https://www.chess.com"]

[Event "Titled Tuesday Blitz June 13 Late 2023"]
[White "Sariego Figueredo, Wilfredo"]
[Black "Korkmaz, Necmettin"]
[WhiteFideId "3500080"]
[BlackFideId "6303285"]
[WhiteElo "2309"]
[BlackElo "2097"]
[Result "0-1"]
[Round "1"]
[TimeControl "180+2"]
[Date "2023.06.13"]
[WhiteClock "0:01:06"]
[BlackClock "0:01:47"]
[Board "177"]

1. d4 d5 2. Bf4 Nf6 3. e3 c5 4. c3 Nc6 5. Nf3 Qb6 6. Qb3 c4 7. Qc2 Bg4 8. Nbd2 e6 9. Be2 Bf5 10. Qc1 h6 11. b3 cxb3 12. axb3 Rd8 13. O-O Be7 14. h3 O-O 15. Ne5 Nxe5 16. Bxe5 Rc8 17. c4 a6 18. Nf3 dxc4 19. bxc4 Rfd8 20. Qd2 Ne4 21. Qa5 Qxa5 22. Rxa5 Nc3 23. Bd1 Nxd1 24. Rxd1 Rxc4 25. Nd2 Rc2 26. e4 Bg6 27. f3 Bb4 28. Nb3 Rb2 29. Nd2 Bxa5 30. Nc4 Ra2 31. Nxa5 Rxa5 32. Bc7 Rad5 33. exd5 Rxd5 34. Bb6 e5 35. Re1 exd4 36. Re8+ Kh7 37. Re7 d3 38. Rxb7 d2 39. Kh2 d1=Q 40. Bf2 Qe2 41. Bg3 Rd2 0-1


[Site "https://www.chess.com"]

[Event "Titled Tuesday Blitz June 13 Late 2023"]
[White "Deng, Henry"]
[Black "Aung Thant Zin"]
[WhiteFideId "30965454"]
[BlackFideId "13000063"]
[WhiteElo "2562"]
[BlackElo "2278"]
[Result "1/2-1/2"]
[Round "1"]
[TimeControl "180+2"]
[Date "2023.06.13"]
[WhiteClock "0:01:03"]
[BlackClock "0:00:40"]
[Board "178"]

1. e4 c5 2. Nc3 Nc6 3. Bb5 e6 4. Bxc6 bxc6 5. f4 d6 6. d3 Nf6 7. Nf3 Be7 8. O-O O-O 9. Bd2 Ba6 10. b3 d5 11. Qe1 c4 12. bxc4 dxc4 13. d4 c5 14. Be3 cxd4 15. Bxd4 Bb7 16. Rd1 Qa5 17. Nd5 Qa3 18. Nxf6+ gxf6 19. Qg3+ Kh8 20. Qh4 Bxe4 21. Bxf6+ Bxf6 22. Qxf6+ Kg8 23. Ne5 Bg6 24. f5 exf5 25. Rf3 Qc5+ 26. Kh1 Rfe8 27. Nxg6 fxg6 28. h4 Qe7 29. Qd4 Qe4 30. Qf6 Qe7 31. Qd4 Qe4 32. Qf6 Qe7 1/2-1/2


[Site "https://www.chess.com"]

[Event "Titled Tuesday Blitz June 13 Late 2023"]
[White "Djordjevic, Dejan N"]
[Black "Chor, Kevin"]
[WhiteFideId "913316"]
[BlackFideId "2090740"]
[WhiteElo "2261"]
[BlackElo "2559"]
[Result "0-1"]
[Round "1"]
[TimeControl "180+2"]
[Date "2023.06.13"]
[WhiteClock "0:00:03"]
[BlackClock "0:00:25"]
[Board "179"]

1. e4 c5 2. Nc3 Nc6 3. g3 g6 4. Bg2 Bg7 5. Nge2 Nf6 6. O-O O-O 7. h3 Rb8 8. d3 b5 9. Be3 d6 10. Qd2 b4 11. Nd1 a5 12. d4 cxd4 13. Nxd4 Bb7 14. f4 Nxd4 15. Bxd4 e5 16. Bf2 Nxe4 17. Bxe4 Bxe4 18. c4 Qc8 19. Qe2 Ba8 20. Kh2 Qc6 21. Be3 exf4 22. Bxf4 Rfe8 23. Qc2 a4 24. Rc1 b3 25. axb3 Rxb3 26. Qf2 Bd4 27. Qd2 Rd3 28. Qc2 Qe4 29. Nc3 Bxc3 30. bxc3 Qe2+ 31. Rf2 Qxc2 32. Rfxc2 a3 33. Bxd6 Rxd6 0-1


[Site "https://www.chess.com"]